 Dungeon Crawl Stone Soup version 0.28.0-49-g6dfe1f597d (webtiles) character file.

Game seed: 10031455500371035754

11 nickcage the Skirmisher (level 2, -3/24 HPs)
             Began as a Demonspawn Abyssal Knight on May 13, 2022.
             Was a Follower of Lugonu.
             Slain by an adder (4 damage)
             ... on level 2 of the Dungeon.
             The game lasted 00:01:43 (878 turns).

nickcage the Skirmisher (Demonspawn Abyssal Knight)  Turns: 878, Time: 00:01:44

Health: -3/24      AC:  6    Str: 13    XL:     2   Next: 17%
Magic:  3/3        EV: 10    Int: 11    God:    Lugonu [*.....]
Gold:   26         SH:  0    Dex: 13    Spells: 1/1 levels left

rFire   . . .      SeeInvis .   e - +3 hand axe
rCold   . . .      Faith    .   (no shield)
rNeg    . . .      Spirit   .   f - +0 ring mail
rPois   .          Reflect  .   (no helmet)
rElec   .          Harm     .   (no cloak)
rCorr   .          Rampage  .   c - +0 pair of gloves
Will    .....                   (no boots)
Stlth   +.........              (no amulet)
HPRegen 0.08/turn               (no ring)
MPRegen 0.08/turn               (no ring)

@: lethally poisoned (-3 -> -5)
A: claws 1
a: Renounce Religion, Depart the Abyss


You were on level 2 of the Dungeon.
You worshipped Lugonu.
Lugonu was aware of your devotion.
You visited 1 branch of the dungeon, and saw 2 of its levels.
You visited the Abyss 1 time.

You collected 26 gold pieces.

Inventory:

Hand Weapons
 a - a +1 falchion
 e - a +3 hand axe (weapon)
Missiles
 d - 5 poisoned darts (quivered)
Armour
 b - a +0 leather armour
 c - a +0 pair of gloves (worn)
 f - a +0 ring mail (worn)
Jewellery
 i - a +6 ring of dexterity
Scrolls
 h - a scroll of teleportation {unknown}
Potions
 g - 2 potions of lignification {unknown}


   Skills:
 - Level 3.0 Fighting
 - Level 2.0 Long Blades
 * Level 1.3 Axes
 - Level 1.7 Armour
 - Level 0.8 Dodging
 - Level 2.4 Invocations


You had one spell level left.
You didn't know any spells.
Your spell library was empty.

Dungeon Overview and Level Annotations

Branches:
Dungeon (2/15)

Altars:


Innate Abilities, Weirdness & Mutations

You have sharp fingernails.


Message History

Found 7 gold pieces.
You hit the rat.
You kill the rat!
Lugonu accepts your kill.
No target in view!
You now have 26 gold pieces (gained 7).
Found an escape hatch in the floor.
An endoplasm comes into view.
An adder comes into view.
The endoplasm hits you.
You miss the adder. You barely miss the endoplasm.
The adder bites you but does no damage. The endoplasm barely misses you.
The adder bites you but does no damage.
You hit the adder but do no damage. You hit the endoplasm.
The adder bites you but does no damage. The endoplasm freezes you.
You are frozen.
You slash the endoplasm!
You kill the endoplasm!
Lugonu accepts your kill.
You can now depart the Abyss.
You closely miss the adder. The adder bites you.
You are poisoned.
The adder poisons you! The adder closely misses you.
You barely miss the adder.
You feel sick. The adder barely misses you. The adder bites you.
You are more poisoned.
The adder poisons you!
You are too injured to fight recklessly!
You feel sick.
You closely miss the adder.
You feel sick. The adder completely misses you. The adder bites you.
* * * LOW HITPOINT WARNING * * *
You miss the adder.
* * * LOW HITPOINT WARNING * * *
You feel sick. The adder bites you but does no damage.
You hit the adder.
The adder is severely wounded.
* * * LOW HITPOINT WARNING * * *
You feel sick. The adder bites you.
You die...

#...##
#.#.##.
#.#...#
#.#.
#.####.#
#.# ##
##.##
##...##
##.....##
+...♣...+
###...###
#..@#
#.>S#
#...#
#...#
...♣..
##.....
##...##
##.## #+


You could see an adder.

Vanquished Creatures
  2 ball pythons (D:1)
  2 endoplasms
  A hobgoblin (D:1)
  A kobold (D:1)
  A quokka (D:1)
  A frilled lizard (D:1)
  3 rats
11 creatures vanquished.

Notes
Turn   | Place    | Note
-------+----------+-------------------------------------------
     0 | Abyss:1  | nickcage the Demonspawn Abyssal Knight began the quest for
                  | the Orb.
     0 | Abyss:1  | Reached XP level 1. HP: 18/18 MP: 2/2
     0 | D:1      | Escaped the Abyss
   469 | D:1      | Reached skill level 1 in Axes
   472 | D:1      | Gained mutation: You have sharp fingernails. [demonic
                  | ancestry]
   472 | D:1      | Reached XP level 2. HP: 20/24 MP: 3/3
   873 | D:2      | Reached * piety under Lugonu
   877 | D:2      | HP: 1/24 [poisoned by an adder]
   878 | D:2      | Slain by an adder

Illustrated notes

Levels and vault maps discovered:
D:1:      lightli_arrival_farm, layout_rooms, grunt_decor_cap
D:2:      layout_loops_cross, shapermc_ecumenical_altar_hornbeckon,
          grunt_ministairs_15

Skill      XL: |  1 |
---------------+----+-----
Long Blades    | 2 |  2.0
Axes           | 1 |  1.3
Fighting       | |  3.0
Armour         | |  1.7
Dodging        | |  0.8
Invocations    | |  2.4

Action                   || total
-------------------------++-------
Melee: Falchion          ||    14
       Hand axe          ||    23
       Punch             ||     1
Invok: Depart the Abyss  ||     1
Armor: Leather armour    ||     5
       Ring mail         ||     6
Dodge: Dodged            ||    16
